 Dungeon Crawl Stone Soup version 0.23-a0-344-ge122d05 (webtiles) character file.

255 Gildeon the Conjurer (level 5, -1/28 HPs)
             Began as a Deep Elf Conjurer on Oct 19, 2018.
             Was a Follower of Cheibriados.
             Slain by a hound (3 damage)
             ... on level 4 of the Dungeon.
             The game lasted 00:09:54 (2502 turns).

Gildeon the Conjurer (Deep Elf Conjurer)            Turns: 2502, Time: 00:09:55

Health: -1/28      AC:  3    Str:  8    XL:     5   Next: 91%
Magic:  1/14       EV: 15    Int: 24    God:    Cheibriados [*.....]
Gold:   108        SH:  0    Dex: 18    Spells: 3/13 levels left

rFire    . . .     SeeInvis .   f - +2 rapier (drain)
rCold    . . .     Gourm    .   (no shield)
rNeg     . . .     Faith    .   a - +0 robe
rPois    .         Spirit   .   (no helmet)
rElec    .         Reflect  .   (no cloak)
rCorr    .         Harm     .   (no gloves)
MR       .....                  e - +0 pair of boots
Stlth    +++.......             (no amulet)
HPRegen  0.09/turn              (no ring)
MPRegen  0.14/turn              (no ring)

@: very slow
A: no striking features
a: Bend Time, Renounce Religion


You were on level 4 of the Dungeon.
You worshipped Cheibriados.
Cheibriados was aware of your devotion.
You were not hungry.

You visited 1 branch of the dungeon, and saw 4 of its levels.

You collected 108 gold pieces.

Inventory:

Hand Weapons
 f - a +2 rapier of draining (weapon)
Armour
 a - a +0 robe (worn)
 e - a +0 pair of boots (worn)
Jewellery
 d - an uncursed amulet of the gourmand {unknown}
Scrolls
 j - a scroll of teleportation
Potions
 b - 3 potions of curing {unknown}
 g - a potion of haste {unknown}
 h - a potion of cancellation {unknown}
 k - a potion of might {unknown}
Comestibles
 c - 5 rations
 l - 4 chunks of flesh


   Skills:
 + Level 0.0 Short Blades
 + Level 4.2 Dodging
 + Level 4.3 Stealth
 + Level 4.7 Spellcasting
 + Level 5.3 Conjurations
 - Level 1.0 Hexes
 - Level 1.1 Invocations


You had 3 spell levels left.
You knew the following spells:

 Your Spells              Type           Power        Failure   Level  Hunger
a - Magic Dart            Conj           ####         1%          1    None
b - Searing Ray           Conj           ####..       1%          2    None
c - Dazzling Spray        Conj/Hex       ###...       7%          3    ##.....
d - Iskenderun's Mystic   Conj           ####....     10%         4    ####...

Your spell library contained the following spells:

 Spells                   Type           Power        Failure   Level  Hunger
 Fulminant Prism          Conj/Hex       ###.......   24%         4    ####...
 Force Lance              Conj/Tloc      ###.....     30%         4    ####...


Dungeon Overview and Level Annotations

Branches:
Dungeon (4/15)
 Temple: D:4-7

Altars:
Cheibriados
Dithmenos
Nemelex Xobeh
Okawaru
Wu Jian
Xom
Yredelemnul


Message History

Training target 1.0 for Invocations reached!
Your Invocations skill increases to level 1!
The hound bites you.
* * * LOW HITPOINT WARNING * * *
The searing ray hits the hound.
The hound is heavily wounded.
You finish channeling your searing ray.
The hound misses you.
Casting: Searing Ray (safe; 1% risk of failure)
Confirm with . or Enter, or press ? or * to list all spells.
Aiming: Searing Ray (safe; 1% risk of failure)
Press: ? - help, Shift-Dir - straight line, f - hound
Aim: a hound (heavily wounded)
The searing ray misses the hound. (Press . to maintain the ray.)
The hound closely misses you. The hound bites you.
* * * LOW HITPOINT WARNING * * *
The searing ray hits the hound.
The hound is severely wounded.
The hound bites you.
You die...

# ........#.##
#..
#.#######.#.#
#..
##.#####...#.#
#..
.......#...+..
#..
...........#.#
#..
...........#.#
#..
.......รท##.#..
........##.#.#
........@h...#
........##..##
#####+#.# .#
#.. .. ### ..
.. .


You could see a hound.

Vanquished Creatures
  A scorpion (D:3)
  A bullfrog skeleton (D:4)
  A hound (D:4)
  An orc wizard (D:2)
  A gnoll (D:1)
  5 adders
  A worm (D:3)
  2 dart slugs
  3 leopard geckos
  4 orcs
  8 bats
  4 giant cockroaches
  A goblin (D:1)
  4 hobgoblins
  2 jackals (D:1)
  A quokka (D:2)
  2 frilled lizards (D:1)
  6 kobolds
  7 rats
55 creatures vanquished.

Notes
Turn   | Place    | Note
-------+----------+-------------------------------------------
     0 | D:1      | Gildeon the Deep Elf Conjurer began the quest for the Orb.
     0 | D:1      | Reached XP level 1. HP: 10/10 MP: 6/6
   248 | D:1      | Reached XP level 2. HP: 5/15 MP: 2/8
   449 | D:1      | Learned a level 2 spell: Searing Ray
  1161 | D:2      | Reached XP level 3. HP: 19/19 MP: 7/10
  1166 | D:2      | Learned a level 3 spell: Dazzling Spray
  1211 | D:2      | Found a snail-covered altar of Cheibriados.
  1237 | D:2      | Found a sparkling altar of Nemelex Xobeh.
  1292 | D:2      | Became a worshipper of Cheibriados the Contemplative
  1355 | D:2      | Found an ornate altar of the Wu Jian Council.
  1584 | D:2      | Reached XP level 4. HP: 20/24 MP: 6/12
  1598 | D:2      | Reached skill level 5 in Conjurations
  1766 | D:2      | Learned a level 4 spell: Iskenderun's Mystic Blast
  2050 | D:3      | Reached * piety under Cheibriados
  2057 | D:3      | Reached skill level 1 in Hexes
  2057 | D:3      | Reached XP level 5. HP: 28/28 MP: 11/13
  2075 | D:3      | Found a shimmering altar of Xom.
  2102 | D:3      | Found an iron altar of Okawaru.
  2329 | D:3      | Found a shadowy altar of Dithmenos.
  2364 | D:3      | Found a basalt altar of Yredelemnul.
  2499 | D:4      | Reached skill level 1 in Invocations
  2502 | D:4      | Slain by a hound

Vault maps used:
D:1:      sevenhm_arrival_forest_fort_large_4, grunt_decor_resistance,
          minmay_fountain_box
D:2:      nicolae_overflow_crystal_walls, kennysheep_slug_shrine, first_ration,
          nemelex_diamond_rough_becter
D:3:      okawaru_gym_becter, overflow_temple_1_default, marbit_many_paths,
          lemuel_crystal_altar
D:4:      cheibrodos_pilgrimage, grunt_temple_overflow_open, uniq_ijyb

Skill      XL: |  1  2  3  4  5 |
---------------+----------------+-----
Stealth        | 3 4 |  4.3
Dodging        | 3 4 |  4.2
Spellcasting   | 4 |  4.7
Conjurations   | 5 |  5.3
Hexes          | 1 |  1.0
Invocations    | 1 |  1.1

Action                   |  1- 3 |  4- 6 || total
-------------------------+-------+-------++-------
Melee: Whip              |    11 |       ||    11
       Rapier            |     2 |    24 ||    26
 Cast: Magic Dart        |    65 |    35 ||   100
       Searing Ray       |       |     2 ||     2
  Use: Scroll            |     4 |     3 ||     7
 Stab: Sleeping          |     4 |    10 ||    14
  Eat: Ration            |     1 |       ||     1
       Chunk             |       |     1 ||     1
Armor: Robe              |     8 |     4 ||    12
Dodge: Dodged            |    20 |    37 ||    57

Table legend:
 A = Non-vault XP
 B = Vault XP
 C = Vault XP percentage of total XP
 D = Non-vault monster count
 E = Vault monster count
 F = Vault count percentage of total count
                 A         B        C        D         E       F
            +---------+---------+-------+---------+---------+-------
      Total |     360 |       5 |   1.4 |      53 |       2 |   3.6
            +---------+---------+-------+---------+---------+-------
        D:1 |      38 |       0 |   0.0 |      15 |       0 |   0.0
        D:2 |      96 |       4 |   4.0 |      17 |       1 |   5.6
        D:3 |     139 |       1 |   0.7 |      19 |       1 |   5.0
        D:4 |      87 |       0 |   0.0 |       2 |       0 |   0.0
            +---------+---------+-------+---------+---------+-------
